 Dungeon Crawl Stone Soup version 0.21.1-1-g345015f (webtiles) character file.

117 letownia2 the Insei (level 5, 37/37 HPs)
             Began as a Merfolk Transmuter on Mar 14, 2018.
             Quit the game in the Ecumenical Temple.
             The game lasted 00:05:03 (685 turns).

letownia2 the Insei (Merfolk Transmuter)             Turns: 685, Time: 00:05:04

Health: 37/37      AC:  4    Str: 10    XL:     5   Next: 1%
Magic:  8/8        EV: 12    Int: 14    God:
Gold:   73         SH:  0    Dex: 14    Spells: 2/8 levels left

rFire    . . .     SeeInvis .     - Unarmed
rCold    . . .     Gourm    .   (no shield)
rNeg     . . .     Faith    .   p - +0 leather armour
rPois    .         Spirit   .   i - +0 helmet
rElec    .         Reflect  .   (no cloak)
rCorr    .         Harm     .   (no gloves)
MR       .....                  (no boots)
Stlth    +.........             (no amulet)
HPRegen  0.12/turn              (no ring)
MPRegen  0.11/turn              (no ring)

@: no status effects
A: change form in water, swift swim, stealthy swim
a: no special abilities


You were in the Ecumenical Temple.
You were not hungry.

You visited 2 branches of the dungeon, and saw 5 of its levels.

You collected 73 gold pieces.

Inventory:

Hand Weapons
 a - a +2 hunting sling of freezing
 f - a +1 dagger of holy wrath
Missiles
 g - 34 arrows
 h - 3 stones (quivered)
 m - 4 tomahawks
Armour
 b - a +0 robe
 i - a +0 helmet (worn)
 p - a +0 leather armour (worn)
Scrolls
 e - 3 scrolls of identify {unknown}
 j - 2 scrolls of magic mapping {unknown}
 k - a scroll of amnesia {unknown}
 n - 2 scrolls of remove curse {unknown}
 o - a scroll of blinking {unknown}
Potions
 l - a potion of curing {unknown}
 q - a potion of brilliance {unknown}
Books
 c - a book of Changes

   Spells                             Type                      Level
   a - Beastly Appendage              Transmutation                1
   b - Sticks to Snakes               Transmutation                2
   c - Spider Form                    Transmutation/Poison         3
   d - Ice Form                       Ice/Transmutation            4
   e - Blade Hands                    Transmutation                5
 r - a book of Frost

   Spells                             Type                      Level
   a - Freeze                         Ice                          1
   b - Throw Frost                    Conjuration/Ice              2
   c - Ozocubu's Armour               Charms/Ice                   3
   d - Throw Icicle                   Conjuration/Ice              4
   e - Summon Ice Beast               Ice/Summoning                4
Comestibles
 d - 4 rations


   Skills:
 - Level 1.1 Fighting
 - Level 2.6 Dodging
 - Level 5.3 Unarmed Combat
 - Level 2.0 Spellcasting
 - Level 2.6 Transmutations
 * Level 2.6 Poison Magic


You had 2 spell levels left.
You knew the following spells:

 Your Spells              Type           Power        Failure   Level  Hunger
a - Beastly Appendage     Tmut           #.....       11%         1    ##.....
l - Sticks to Snakes      Tmut           #.......     16%         2    ###....
p - Spider Form           Tmut/Pois      #.........   32%         3    ####...


Dungeon Overview and Level Annotations

Branches:
Dungeon (4/15)             Temple (1/1) D:4

Altars:
Ashenzari
Dithmenos
Fedhas
Hepliaklqana
Makhleb
Okawaru
Qazlal
Sif Muna
Trog
Uskayaw
Wu Jian
Xom
Yredelemnul
Zin


Message History

You can't go up here!
Unknown command.
You climb downwards.
Welcome to the Ecumenical Temple!
There is a staircase back to the Dungeon here.
Found three altars.
Found four altars.
Found three altars.
Found a basalt altar of Yredelemnul.
There is a hazy altar of Hepliaklqana here.
Found a shadowy altar of Dithmenos.
There is an ornate altar of the Wu Jian Council here.
There is a burning altar of Makhleb here.
Unknown command.
Press < or > to pray at altars.
There is an ornate altar of the Wu Jian Council here.
Unknown command.
Unknown command.
Unknown command.
Unknown command.
Are you sure you want to abandon this character and quit the game? (Confirm with "yes".)

≈≈≈≈≈.._..≈≈≈≈≈
≈≈≈≈≈≈≈≈≈≈≈≈≈≈.....≈≈≈≈≈
≈≈≈≈≈≈≈≈≈≈≈≈≈≈._._.≈≈≈≈≈
≈≈≈≈≈≈≈≈≈≈≈≈≈≈.....≈≈≈≈≈
≈≈≈≈≈≈≈≈≈≈≈≈≈≈.._..≈≈≈≈≈
≈≈≈≈≈≈≈≈≈≈≈≈≈≈.....≈≈≈≈≈
.≈≈≈≈≈≈≈≈≈≈≈≈..._..≈≈≈≈≈
...................≈≈≈≈≈
..............._@_.≈≈≈≈≈
...................≈≈≈≈≈
.≈≈≈≈≈≈≈≈≈≈≈≈..._..≈≈≈≈≈
≈≈≈≈≈≈≈≈≈≈≈≈≈≈.....≈≈≈≈≈
≈≈≈≈≈≈≈≈≈≈≈≈≈≈.._..≈≈≈≈≈
≈≈≈≈≈≈≈≈≈≈≈≈≈≈.....≈≈≈≈≈
≈≈≈≈≈≈≈≈≈≈≈≈≈≈._._.≈≈≈≈≈
≈≈≈≈≈≈≈≈≈≈≈≈≈≈.....≈≈≈≈≈
≈≈≈≈≈≈.._..≈≈≈≈≈


There were no monsters in sight!

Vanquished Creatures
  A howler monkey (D:2)
  A worker ant (D:4)
  2 adders
  A worm (D:4)
  8 orcs (D:4)
  2 giant cockroaches
  5 goblins
  3 kobolds
  2 bats (D:1)
  A frilled lizard (D:3)
  A quokka skeleton (D:4)
27 creatures vanquished.

Notes
Turn   | Place    | Note
-------+----------+-------------------------------------------
     0 | D:1      | letownia2 the Merfolk Transmuter began the quest for the Orb.
     0 | D:1      | Reached XP level 1. HP: 15/15 MP: 3/3
   153 | D:2      | Reached XP level 2. HP: 12/21 MP: 3/5
   155 | D:2      | Reached skill level 4 in Unarmed Combat
   172 | D:2      | Noticed a howler monkey
   176 | D:2      | Killed a howler monkey
   176 | D:2      | Reached skill level 5 in Unarmed Combat
   176 | D:2      | Reached XP level 3. HP: 10/26 MP: 6/6
   284 | D:3      | Learned a level 3 spell: Spider Form
   302 | D:3      | Reached XP level 4. HP: 22/32 MP: 7/7
   355 | D:4      | Found a hide-covered altar of Uskayaw.
   426 | D:4      | Learned a level 2 spell: Sticks to Snakes
   444 | D:4      | Found a stormy altar of Qazlal.
   498 | D:4      | Reached skill level 1 in Poison Magic
   603 | D:4      | Reached XP level 5. HP: 37/37 MP: 8/8
   634 | D:4      | Found a staircase to the Ecumenical Temple.
   655 | Temple   | Entered the Ecumenical Temple
   685 | Temple   | Quit the game

Skill      XL: |  1  2  3  4 |
---------------+-------------+-----
Unarmed Combat | 5 |  5.3
Poison Magic   | 2 |  2.6
Fighting       | |  1.1
Dodging        | |  2.6
Spellcasting   | |  2.0
Transmutations | |  2.6

Action                   |  1- 3 |  4- 6 || total
-------------------------+-------+-------++-------
Melee: Unarmed           |    20 |    11 ||    31
       Headbutt          |     3 |       ||     3
 Fire: Hunting sling     |    16 |    27 ||    43
Throw: Tomahawk          |       |     3 ||     3
 Cast: Beastly Appendage |     5 |       ||     5
       Spider Form       |       |     1 ||     1
 Stab: Sleeping          |     1 |       ||     1
Armor: Robe              |     5 |       ||     5
       Leather armour    |       |     1 ||     1
Dodge: Dodged            |    21 |    10 ||    31
